 Dungeon Crawl Stone Soup version 0.24-a0-769-g368c1644f8 (webtiles) character file.

Game seed: 7573448149361615310, levelgen mode: deterministic

990 Arixos the Skirmisher (level 8, 0/64 HPs)
             Began as a Formicid Abyssal Knight on Oct 4, 2019.
             Was a Priest of Lugonu.
             Slain by a killer bee (6 damage)
             ... on level 5 of the Dungeon.
             The game lasted 00:30:12 (4612 turns).

Arixos the Skirmisher (Formicid Abyssal Knight)     Turns: 4612, Time: 00:30:13

Health: 0/64       AC: 11    Str: 17 (18) XL:     8   Next: 41%
Magic:  12/12      EV: 11    Int: 13      God:    Lugonu [***...]
Gold:   202        SH:  0    Dex: 10      Spells: 7/7 levels left

rFire    . . .     SeeInvis +   p - +0 morningstar (flame)
rCold    . . .     Gourm    .   (no shield)
rNeg     . . .     Faith    .   k - +1 scale mail
rPois    +         Spirit   .   (helmet unavailable)
rElec    .         Reflect  .   (no cloak)
rCorr    .         Harm     .   (no gloves)
MR       .....                  n - +0 pair of boots
Stlth    ..........             (no amulet)
HPRegen  0.20/turn              f - ring of wizardry
MPRegen  0.13/turn              t - ring of poison resistance

@: no status effects
A: permanent stasis, dig shafts and tunnels, four strong arms, antennae 3,
iridescent scales 1, deterioration 1, MP-powered wands
a: Dig, Shaft Self, Depart the Abyss, Bend Space, Banish, Renounce Religion


You were on level 5 of the Dungeon.
You worshipped Lugonu.
Lugonu was most pleased with you.
You were hungry.

You visited 1 branch of the dungeon, and saw 6 of its levels.
You visited the Abyss 1 time.

You collected 202 gold pieces.

Inventory:

Hand Weapons
 a - a +1 spear
 p - a +0 morningstar of flaming (weapon)
Armour
 k - a +1 scale mail (worn)
 n - a +0 pair of boots (worn)
Jewellery
 f - a ring of wizardry (left hand)
 o - an uncursed ring of flight
 t - a ring of poison resistance (right hand)
Wands
 g - a wand of flame (18)
Scrolls
 e - a scroll of identify
 h - a scroll of fog
 l - a scroll of remove curse
 q - a scroll of blinking
 r - a scroll of magic mapping {unknown}
Potions
 i - 3 potions of flight
 j - 4 potions of curing
Comestibles
 b - 2 chunks of flesh
 c - 6 rations


   Skills:
 + Level 5.9 Fighting
 - Level 2.7 Polearms
 + Level 5.2 Armour
 + Level 4.0 Dodging
 + Level 5.7 Invocations


You had 7 spell levels left.
You didn't know any spells.
Your spell library contained the following spells:

 Spells                   Type           Power        Failure   Level  Hunger
 Magic Dart               Conj           #...         34%         1    ##.....
 Call Imp                 Summ           #.......     47%         2    ###....
 Slow                     Hex            #.......     47%         2    ###....
 Conjure Flame            Conj/Fire      #.......     71%         3    ####...
 Mephitic Cloud           Conj/Pois/Air  #.......     71%         3    ####...
 Blink                    Tloc           Unusable     N/A         2    N/A

Dungeon Overview and Level Annotations

Branches:
Dungeon (6/15)
 Temple: D:4-7

Altars:
Ashenzari
Gozag
Nemelex Xobeh
Okawaru
Uskayaw
Vehumet
Xom
Yredelemnul
The Shining One


Innate Abilities, Weirdness & Mutations

You cannot be hasted, slowed, berserked, paralysed or teleported.
You can dig through walls and to a lower floor.
Your four strong arms can wield two-handed weapons with a shield.
You have a pair of large antennae on your head. (SInv)
You are partially covered in iridescent scales. (AC +2)
Your body sometimes deteriorates upon taking damage.
You expend magic power (3 MP) to strengthen your wands.


Message History

Your body deteriorates!
You feel weakened.
You closely miss the killer bee.
The killer bee stings you but does no damage. x3
You miss the killer bee.
The killer bee stings you but does no damage.
The killer bee closely misses you. The killer bee barely misses you.
You miss the killer bee.
The killer bee stings you but does no damage. x2
The killer bee stings you.
* * * LOW HITPOINT WARNING * * *
You barely miss the killer bee.
The killer bee stings you but does no damage. x2
The killer bee barely misses you.
You miss the killer bee.
The killer bee stings you but does no damage. x2
The killer bee barely misses you.
You miss the killer bee. The killer bee misses you.
The killer bee barely misses you. x2
You completely miss the killer bee. The killer bee stings you.
You die...

#......#+####...#.............###
#.....#.........#.............#..
#.....#.........#.............#..
#.....#.........#.............'..
#.....#.........#.............#..
#.....#########.#.............#+#
#####.........#'##'#......#####.#
#.........'.[..#......+.....#
#.........#)@..#......#.....#
#.........#..y.#......#.....#
#.........#....#......#.....'
#.........######......#######
#######......................
#.....)................
#......................
#......................
#......................


You could see a killer bee.

Vanquished Creatures
  Menkaure (D:4)
  2 ice beasts
  2 ogres (D:5)
  A centaur (D:6)
  A bullfrog (D:4)
  A scorpion (D:5)
  A wight (D:3)
  2 orc wizards
  A worker ant zombie (D:5)
  Robin (D:4)
  8 adders
  A shadow imp (D:5)
  An ooze (D:5)
  A worm (D:2)
  A dart slug (D:1)
  4 leopard geckos
  16 orcs
  A ball python (D:1)
  5 giant cockroaches
  17 goblins
  4 hobgoblins
  9 jackals
  6 kobolds
  4 quokkas
  7 bats
  5 frilled lizards
  2 gnoll zombies (D:2)
  2 quokka skeletons (D:5)
  4 rats
111 creatures vanquished.

Notes
Turn   | Place    | Note
-------+----------+-------------------------------------------
     0 | Abyss:1  | Arixos the Formicid Abyssal Knight began the quest for the
                  | Orb.
     0 | Abyss:1  | Reached XP level 1. HP: 18/18 MP: 2/2
    41 | Abyss:1  | Noticed a tentacled starspawn
    72 | Abyss:1  | Noticed a large abomination
    81 | D:1      | Escaped the Abyss
   116 | D:1      | Reached skill level 1 in Dodging
   217 | D:1      | Reached XP level 2. HP: 24/24 MP: 3/3
   290 | D:1      | Reached * piety under Lugonu
   728 | D:1      | Reached XP level 3. HP: 29/29 MP: 4/4
  1407 | D:2      | Found an opulent altar of Gozag.
  1474 | D:2      | Reached XP level 4. HP: 29/37 MP: 6/6
  1639 | D:2      | Found a basalt altar of Yredelemnul.
  1815 | D:3      | Reached ** piety under Lugonu
  1876 | D:3      | Reached XP level 5. HP: 20/42 MP: 7/7
  1900 | D:3      | Found an iron altar of Okawaru.
  1901 | D:3      | Found a hide-covered altar of Uskayaw.
  1976 | D:3      | Noticed an ice beast
  1981 | D:3      | Found a shattered altar of Ashenzari.
  1990 | D:3      | Found a transporter.
  1997 | D:3      | Found a transporter.
  2068 | D:3      | Killed an ice beast
  2068 | D:3      | Reached XP level 6. HP: 40/49 MP: 8/8
  2430 | D:3      | Found a faded altar of an unknown god.
  2483 | D:3      | Found a radiant altar of Vehumet.
  2591 | D:3      | Found a shattered altar of Ashenzari.
  2704 | D:4      | Noticed Robin
  2719 | D:4      | Gained mutation: Your body sometimes deteriorates upon
                  | taking damage. [potion of mutation]
  2719 | D:4      | Gained mutation: You expend magic power (3 MP) to
                  | strengthen your wands. [potion of mutation]
  2719 | D:4      | Gained mutation: You are partially covered in iridescent
                  | scales. (AC +2) [potion of mutation]
  2758 | D:4      | Killed Robin
  2779 | D:4      | Found a sparkling altar of Nemelex Xobeh.
  2855 | D:4      | Found a shimmering altar of Xom.
  2864 | D:4      | Reached XP level 7. HP: 26/55 MP: 10/10
  2984 | D:4      | Noticed Menkaure
  2993 | D:4      | Reached *** piety under Lugonu
  2998 | D:4      | Killed Menkaure
  2998 | D:4      | Reached skill level 5 in Fighting
  3333 | D:5      | Entered Level 5 of the Dungeon
  3450 | D:5      | Reached skill level 5 in Invocations
  3495 | D:5      | Found a radiant altar of Vehumet.
  3708 | D:5      | Reached XP level 8. HP: 45/63 MP: 11/11
  3747 | D:5      | Found a glowing golden altar of the Shining One.
  4073 | D:5      | Reached skill level 5 in Armour
  4612 | D:5      | Slain by a killer bee

Levels and vault maps discovered:
D:1:      erik_arrival_cave_to_civilisation [erik_arrival_cave_to_hall],
          layout_basic, roderic_roman_lattice, minmay_tromino_v7
D:2:      layout_rooms, lemuel_zombie_altar_yredelemnul, grunt_gozag_statues,
          kennysheep_generic_room_5
D:3:      layout_basic, vehumet_crystals, grunt_temple_overflow_open,
          gammafunk_temple_overflow_arena, chequers_ecumenical_altar_grove,
          minmay_misc_feat_tower, nrook_mini_backslash, serial_park_tiny_pond,
          ashenzari_altar_1
D:4:      layout_rooms, old_standard_altar, overflow_temple_1_default,
          uniq_robin, uniq_menkaure
D:5:      layout_gridville, nicolae_overflow_crystal_walls, first_ration,
          vehumet_altar_wand_db
D:6:      layout_loops_ring, led_sif_pool, temple_fountains, uniq_eustachio

Skill      XL: |  1  2  3  4  5  6  7  8 |
---------------+-------------------------+-----
Dodging        | 1 2 3 4 |  4.0
Invocations    | 3 4 5 |  5.7
Armour         | 3 4 5 |  5.2
Fighting       | 4 5 |  5.9
Polearms       | |  2.7

Action                   |  1- 3 |  4- 6 |  7- 9 || total
-------------------------+-------+-------+-------++-------
Melee: Spear             |   109 |    82 |       ||   191
       Morningstar       |       |   147 |   194 ||   341
Invok: Depart the Abyss  |     1 |       |       ||     1
  Use: Potion            |       |     9 |       ||     9
       Scroll            |       |       |     8 ||     8
  Eat: Chunk             |     1 |     6 |     2 ||     9
       Ration            |       |       |     1 ||     1
Armor: Leather armour    |     3 |       |       ||     3
       Ring mail         |    34 |    32 |       ||    66
       Skin              |       |    39 |       ||    39
       Scale mail        |       |    77 |   136 ||   213
Dodge: Dodged            |    54 |   164 |   164 ||   382

Table legend:
 A = Non-vault XP
 B = Vault XP
 C = Vault XP percentage of total XP
 D = Non-vault monster count
 E = Vault monster count
 F = Vault count percentage of total count
                 A         B        C        D         E       F
            +---------+---------+-------+---------+---------+-------
      Total |     989 |     426 |  30.1 |      86 |      25 |  22.5
            +---------+---------+-------+---------+---------+-------
        D:1 |      29 |       8 |  21.6 |      15 |       4 |  21.1
        D:2 |      65 |      17 |  20.7 |      15 |       4 |  21.1
        D:3 |      75 |     192 |  71.9 |      25 |       4 |  13.8
        D:4 |     162 |     207 |  56.1 |       9 |      12 |  57.1
        D:5 |     515 |       2 |   0.4 |      14 |       1 |   6.7
        D:6 |     143 |       0 |   0.0 |       8 |       0 |   0.0
            +---------+---------+-------+---------+---------+-------
